[Event "Early-Titled-Tuesday-Blitz-March-19-2024"]
[Site "Chess.com"]
[Date "2024.03.19"]
[Round "8"]
[White "noblerone"]
[Black "TregubovP"]
[Result "1-0"]
[WhiteElo "2553"]
[BlackElo "2660"]
[TimeControl "180+1"]
[EndTime "9:25:26 PDT"]
[Termination "noblerone won by resignation"]

1. d4 Nf6 2. Nf3 c5 3. e3 g6 4. Be2 Bg7 5. O-O O-O 6. b3 cxd4 7. exd4 d5 8. Re1 Nc6 9. Bb2 Bf5 10. c3 Ne4 11.
Nbd2 Rc8 12. Nxe4 dxe4 13. Nd2 e5 14. d5 Qxd5 15. Nc4 Rfd8 16. Qc1 Qd2 17. Nxd2 1-0

[Event "Early-Titled-Tuesday-Blitz-March-19-2024"]
[Site "Chess.com"]
[Date "2024.03.19"]
[Round "8"]
[White "JosefineHeinemann"]
[Black "ajedrezsinlimites"]
[Result "1-0"]
[WhiteElo "2496"]
[BlackElo "2596"]
[TimeControl "180+1"]
[EndTime "9:25:31 PDT"]
[Termination "JosefineHeinemann won by resignation"]

1. e4 c6 2. d4 d5 3. e5 Bf5 4. Nf3 e6 5. Be2 h6 6. O-O Ne7 7. b3 Nd7 8. c4 g5 9. Nc3 Bg7 10. Be3 O-O 11. Qd2 f6 12. exf6 Nxf6 13. Ne5 Ne4 14.
Nxe4 Bxe4 15. f4 Nf5 16. fxg5 Nxe3 17. Qxe3 Qxg5 18. Qxg5 hxg5 19. Bg4 Bf5 20. Bxf5 Rxf5 21. Rxf5 exf5 22. cxd5 cxd5 23. Rc1 Bxe5 24. dxe5 Re8 25.
Rc7 b6 26. Rxa7 Rxe5 27. Rd7 Re2 28. Rxd5 f4 29. Rxg5+ Kf7 30. Rf5+ Ke6 31. Rxf4 Rxa2 32. Rb4 Ra6 33. h4 Kf5 34. Kh2 Kg6 35. Kh3 Kh6 36.
g4 Kg6 37. Kg3 Kf6 38. Kf4 Kg6 39. Rb5 Kf6 40. h5 Kg7 41. g5 Kh7 42. Kf5 Kg7 43. h6+ Kh7 44. Kf6 Ra1 45. Rxb6 Rf1+ 46. Ke5 Re1+ 47.
Kd6 Rg1 48. Rb5 Kg6 49. Kc6 1-0

[Event "Early-Titled-Tuesday-Blitz-March-19-2024"]
[Site "Chess.com"]
[Date "2024.03.19"]
[Round "8"]
[White "manitodeplomo"]
[Black "UNSTOPPABLE_LEGEND"]
[Result "1-0"]
[WhiteElo "2665"]
[BlackElo "2507"]
[TimeControl "180+1"]
[EndTime "9:25:35 PDT"]
[Termination "manitodeplomo won by resignation"]

1. d4 Nf6 2. c4 c6 3. Nf3 d5 4.
Nc3 e6 5. Bg5 dxc4 6. e4 b5 7.
a4 b4 8. Nb1 h6 9. Bxf6 Qxf6 10.
Bxc4 Qg6 11. Nbd2 Qxg2 12. Rg1 Qh3 13. Qc2 Be7 14. Rxg7 Nd7 15. Rg3 Qh5 16. O-O-O Nb6 17. Ne5 Bb7 18. Ndf3 O-O-O 19. Be2 Kb8 20. a5 Nd7 21.
Nxd7+ Rxd7 22. Ne5 1-0

[Event "Early-Titled-Tuesday-Blitz-March-19-2024"]
[Site "Chess.com"]
[Date "2024.03.19"]
[Round "8"]
[White "NelsonLinda"]
[Black "suyu28"]
[Result "0-1"]
[WhiteElo "2668"]
[BlackElo "2850"]
[TimeControl "180+1"]
[EndTime "9:25:40 PDT"]
[Termination "suyu28 won by resignation"]

1. d4 Nf6 2. Nf3 d5 3. Bg5 Ne4 4. Bh4 Bf5 5. e3 c6 6. c4 Qb6 7. Qb3 e6 8. Nc3 Nd7 9. Be2 Qxb3 10. axb3 Bb4 11. Rc1 Nxc3 12. bxc3 Ba3 13. Kd2 Bxc1+ 14. Rxc1 O-O 15. Ra1 c5 16. h3 Rfc8 17. g4 Be4 18.
Bg3 h6 19. Ne5 Nxe5 20. Bxe5 cxd4 21. Bxd4 dxc4 22. Bxc4 a6 23. Be2 Rd8 24. Kc1 Rac8 25. Kb2 e5 0-1

[Event "Early-Titled-Tuesday-Blitz-March-19-2024"]
[Site "Chess.com"]
[Date "2024.03.19"]
[Round "8"]
[White "balack95"]
[Black "IMchanged"]
[Result "0-1"]
[WhiteElo "2469"]
[BlackElo "2671"]
[TimeControl "180+1"]
[EndTime "9:25:45 PDT"]
[Termination "IMchanged won by resignation"]

1. d4 d5 2. c4 c6 3. cxd5 cxd5 4. Bf4 Nc6 5. e3 Nf6 6. Nc3 Bf5 7. Nf3 e6 8. Be2 Bd6 9. Bg3 O-O 10. O-O a6 11. Rc1 Ne4 12. Nxe4 Bxe4 13. Ne5 Nxe5 14. dxe5 Be7 15.
Bd3 Bxd3 16. Qxd3 Qb6 17. Rc2 Rfc8 18. Rfc1 Rxc2 19. Qxc2 h6 20. h3 a5 21. Qc7 Qxb2 22. Rc2 Qb1+ 23. Kh2 Bf8 24. a4 Qb3 25. Rc1 Qxa4 26.
Qxb7 Qe8 27. e4 dxe4 28. Qxe4 a4 29. Rc2 a3 30. Qf3 a2 0-1

[Event "Early-Titled-Tuesday-Blitz-March-19-2024"]
[Site "Chess.com"]
[Date "2024.03.19"]
[Round "8"]
[White "AndresDelgado77"]
[Black "CatLoverPL"]
[Result "0-1"]
[WhiteElo "2324"]
[BlackElo "2497"]
[TimeControl "180+1"]
[EndTime "9:25:45 PDT"]
[Termination "CatLoverPL won on time"]

1. e4 g6 2. d4 Bg7 3. Nf3 c5 4. dxc5 Qa5+ 5. c3 Qxc5 6. Na3 Nf6 7. Nb5 O-O 8. Be3 Qc6 9. Nfd4 Qxe4 10. Nc7 Na6 0-1

[Event "Early-Titled-Tuesday-Blitz-March-19-2024"]
[Site "Chess.com"]
[Date "2024.03.19"]
[Round "8"]
[White "IsaqueGoncalvesSanto"]
[Black "Kostukov_Alex"]
[Result "0-1"]
[WhiteElo "1872"]
[BlackElo "2239"]
[TimeControl "180+1"]
[EndTime "9:25:46 PDT"]
[Termination "Kostukov_Alex won by resignation"]

1. d4 g6 2. c4 Bg7 3. Nc3 d6 4. h4 e5 5. h5 exd4 6. Nb5 c5 7. hxg6 hxg6 8. Rxh8 Bxh8 9. Bf4 Be5 10. Bd2 a6 11.
Na3 Nc6 12. Nf3 Bg7 13. Nc2 Nge7 14. Rb1 Bf5 15. Nh4 Be6 16. b3 d5 17. cxd5 Nxd5 18. Nf3 Rc8 19. Bg5 Bf6 20. Bd2 b5 21.
e4 dxe3 22. Nxe3 Nc3 23. Bxc3 Bxc3+ 24. Nd2 Nb4 25. a3 Nd3+ 26. Bxd3 Qxd3 27. Qc2 Qxc2 28. Nxc2 Rd8 29. Rd1 Bxb3 30. Ne3 Bxd1 31. Nxd1 Bxd2+ 32. Ke2 Ba5 0-1

[Event "Early-Titled-Tuesday-Blitz-March-19-2024"]
[Site "Chess.com"]
[Date "2024.03.19"]
[Round "8"]
[White "Adar_07"]
[Black "tetrix83"]
[Result "1-0"]
[WhiteElo "2835"]
[BlackElo "2605"]
[TimeControl "180+1"]
[EndTime "9:25:54 PDT"]
[Termination "Adar_07 won by resignation"]

1. d4 Nf6 2. Bf4 c5 3. d5 d6 4.
Nc3 a6 5. a4 e5 6. dxe6 Bxe6 7.
e4 Nc6 8. Nf3 Be7 9. Ng5 O-O 10.
Nxe6 fxe6 11. Bc4 Qd7 12. O-O Nxe4 13. Nxe4 Rxf4 14. Nxc5 Qe8 15. Nxe6 Rxc4 16. Qd5 Rxc2 17. Ng5+ Kh8 18. Nf7+ 1-0

[Event "Early-Titled-Tuesday-Blitz-March-19-2024"]
[Site "Chess.com"]
[Date "2024.03.19"]
[Round "8"]
[White "Elnaz_Kaliakhmet"]
[Black "Zhigalko_Sergei"]
[Result "0-1"]
[WhiteElo "2548"]
[BlackElo "2860"]
[TimeControl "180+1"]
[EndTime "9:26:04 PDT"]
[Termination "Zhigalko_Sergei won by resignation"]

1. d4 Nf6 2. c4 e6 3. Nf3 b6 4. g3 Ba6 5. Qa4 Bb7 6. Bg2 c5 7. dxc5 bxc5 8. O-O Be7 9. Nc3 O-O 10. Rd1 Qb6 11. Bf4 Rd8 12. Rd2 d6 13. Qb5 Qc7 14. Rad1 a6 15. Qb3 Nc6 16. Na4 Ne4 17. Rc2 Rab8 18. Nc3 Na5 19. Qa4 Bc6 20. Qa3 Nxc4 21. Qxa6 Nxb2 22. Rb1 Ra8 23. Nb5 Qd7 24. Qb6 Na4 25. Qc7 Bxb5 0-1

[Event "Early-Titled-Tuesday-Blitz-March-19-2024"]
[Site "Chess.com"]
[Date "2024.03.19"]
[Round "8"]
[White "Zohid6"]
[Black "andrew-blr"]
[Result "1-0"]
[WhiteElo "2860"]
[BlackElo "2607"]
[TimeControl "180+1"]
[EndTime "9:26:09 PDT"]
[Termination "Zohid6 won by checkmate"]

1. e4 c5 2. Nf3 e6 3. c3 d5 4. e5 Nc6 5. d4 Bd7 6. Bd3 Qb6 7. Nbd2 f6 8. O-O fxe5 9. Nxe5 Nxe5 10. dxe5 O-O-O 11. a4 Nh6 12. a5 Qc7 13. Nf3 Be7 14.
b4 Rdf8 15. Be3 Nf5 16. Bxc5 Bxc5 17. bxc5 Qxc5 18. Rb1 g5 19. Qb3 Bc6 20. Nxg5 Qe7 21. Bb5 Qxg5 22. Bxc6 Rf7 23. Bxb7+ Kd8 24. Bxd5 Rd7 25.
Qb8+ Ke7 26. Qxh8 exd5 27. Rb8 Qf6 28. Qxf6# 1-0

[Event "Early-Titled-Tuesday-Blitz-March-19-2024"]
[Site "Chess.com"]
[Date "2024.03.19"]
[Round "8"]
[White "Alenzer"]
[Black "ChristianArca"]
[Result "0-1"]
[WhiteElo "2179"]
[BlackElo "2672"]
[TimeControl "180+1"]
[EndTime "9:26:11 PDT"]
[Termination "ChristianArca won by resignation"]

1. e4 d6 2. d4 g6 3. Nc3 Bg7 4. Bg5 Nf6 5. e5 Nfd7 6. exd6 cxd6 7. Qd2 Nc6 8. Nf3 Qb6 9. O-O-O O-O 10. Nd5 Qd8 11.
Bb5 Nf6 12. Nxf6+ exf6 13. Bf4 Bg4 14. Be2 Rc8 15. Kb1 d5 16. h3 Bf5 17. Bd3 Bxd3 18. cxd3 Qb6 19. Bd6 Rfe8 20. Bc5 Qa6 21. Rhe1 f5 22.
Rxe8+ Rxe8 23. Re1 Rxe1+ 24. Qxe1 Qxd3+ 25. Ka1 Qe4 26.
Qd2 b6 27. Ba3 Nxd4 28. Ne1 Qxe1+ 29. Qxe1 Nc2+ 30. Kb1 Nxe1 0-1

[Event "Early-Titled-Tuesday-Blitz-March-19-2024"]
[Site "Chess.com"]
[Date "2024.03.19"]
[Round "8"]
[White "francyIM"]
[Black "Robert_Chessmood"]
[Result "0-1"]
[WhiteElo "2822"]
[BlackElo "2971"]
[TimeControl "180+1"]
[EndTime "9:26:23 PDT"]
[Termination "Robert_Chessmood won by resignation"]

1. e4 e5 2. Nf3 Nc6 3. Bb5 Nf6 4.
d3 Bc5 5. Bxc6 dxc6 6. Nbd2 Be6 7. Nb3 Bb6 8. O-O Qe7 9. Bd2 a5 10. Bc3 Nd7 11. Nbd2 f6 12. a4 g5 13. Nc4 Bxc4 14.
dxc4 Nc5 15. Qe2 Ne6 16. g3 h5 17. Ne1 h4 18. Ng2 hxg3 19. Ne3 Qh7 20. Ng4 Qh3 21. Bxe5 fxe5 22. Ra3 Nf4 23. Qf3 gxh2+ 0-1

[Event "Early-Titled-Tuesday-Blitz-March-19-2024"]
[Site "Chess.com"]
[Date "2024.03.19"]
[Round "8"]
[White "adotand"]
[Black "Sattarov_Bobur"]
[Result "1-0"]
[WhiteElo "3000"]
[BlackElo "2827"]
[TimeControl "180+1"]
[EndTime "9:26:26 PDT"]
[Termination "adotand won on time"]

1. e4 e5 2. Nf3 Nc6 3. Bb5 a6 4. Ba4 Bc5 5. O-O Qf6 6. Nc3 Nge7 7. Nd5 Nxd5 8. exd5 Ne7 9. d4 exd4 10. Bg5 Qg6 11. Re1 f6 12. Bf4 O-O 13. Bxc7 Nf5 14. d6 Nxd6 15. b4 Bxb4 16. Qxd4 Bxe1 17. Bxd6 1-0

[Event "Early-Titled-Tuesday-Blitz-March-19-2024"]
[Site "Chess.com"]
[Date "2024.03.19"]
[Round "8"]
[White "nicolasbatista3"]
[Black "GelmanAlexander"]
[Result "0-1"]
[WhiteElo "2476"]
[BlackElo "2685"]
[TimeControl "180+1"]
[EndTime "9:26:33 PDT"]
[Termination "GelmanAlexander won by checkmate"]

1. Nf3 c5 2. b3 e6 3. Bb2 d6 4. e3 a6 5. d4 Nd7 6. Nbd2 Ngf6 7. Bd3 b6 8. O-O Bb7 9. e4 cxd4 10. Bxd4 Be7 11.
Qe2 Qc7 12. e5 dxe5 13. Nxe5 O-O 14. Ndf3 Nxe5 15. Nxe5 Rad8 16. Bb2 b5 17. Ng4 Nd5 18. Qe4 f5 19. Qxe6+ Kh8 20. Nh6 Bf6 21. Qxf5 gxh6 22. Bxf6+ Rxf6 23. Qh5 Nf4 24. Qh4 Qg7 25. g3 Rxd3 26.
cxd3 Ne2# 0-1

[Event "Early-Titled-Tuesday-Blitz-March-19-2024"]
[Site "Chess.com"]
[Date "2024.03.19"]
[Round "8"]
[White "jefferyx"]
[Black "Shield12"]
[Result "1-0"]
[WhiteElo "3097"]
[BlackElo "2945"]
[TimeControl "180+1"]
[EndTime "9:26:34 PDT"]
[Termination "jefferyx won by resignation"]

1. d4 Nf6 2. c4 e6 3. Nc3 Bb4 4. Nf3 d5 5. Qa4+ Nc6 6. e3 O-O 7. Bd2 dxc4 8. Bxc4 Bd6 9. Qc2 e5 10. dxe5 Nxe5 11. Nxe5 Bxe5 12. f4 Bxc3 13. Bxc3 Ng4 14. Bd4 c5 15. Bxc5 Re8 16. O-O Nxe3 17. Bxe3 Rxe3 18.
Qf2 Re4 19. Rad1 Qf6 20. Bd5 Re7 21. Rfe1 Be6 22. Bxe6 Rxe6 23. Rxe6 fxe6 24. Rd7 b6 25. h3 Rf8 26. Rxa7 Qxf4 27. Qxf4 Rxf4 28. Rb7 Rb4 29. b3 h5 30. Kf2 Kh7 31. Re7 Re4 32. Kf3 Re5 33. a4 Rc5 34. Rxe6 b5 35. a5 b4 36. a6 Rc3+ 37. Re3 Rc7 38. Re1 Rc3+ 39. Ke4 Rxb3 40.
Ra1 1-0

[Event "Early-Titled-Tuesday-Blitz-March-19-2024"]
[Site "Chess.com"]
[Date "2024.03.19"]
[Round "8"]
[White "Sanan_Sjugirov"]
[Black "Legendinunknown"]
[Result "1/2-1/2"]
[WhiteElo "3009"]
[BlackElo "2841"]
[TimeControl "180+1"]
[EndTime "9:26:38 PDT"]
[Termination "Game drawn by repetition"]

1. e4 e5 2. Nf3 Nc6 3. Bb5 a6 4. Ba4 d6 5. Bxc6+ bxc6 6. d4 exd4 7. Nxd4 c5 8. Ne2 g6 9. O-O Bg7 10. Nbc3 Ne7 11. Bg5 O-O 12. Qd2 Be6 13. Bh6 Qd7 14. Bxg7 Kxg7 15. Rad1 Rad8 16. Nf4 Nc6 17. Ncd5 Bxd5 18.
Nxd5 f5 19. Rfe1 Rde8 20. exf5 Rxe1+ 21. Rxe1 Rxf5 22. Qc3+ Nd4 23. Re7+ Qxe7 24. Nxe7 Re5 25. Kf1 Rxe7 26. Qd3 a5 27. c3 Nf5 28. g3 Re8 29. Qb5 Re5 30. Qxa5 Rd5 31. Qxc7+ Kh6 32. a4 Rd2 33. Qb7 d5 34. a5 d4 35. cxd4 cxd4 36.
a6 d3 37. a7 Rd1+ 38. Kg2 d2 39. a8=Q Rg1+ 40. Kxg1 d1=Q+ 41. Kg2 Ne3+ 42. fxe3 Qe2+ 43. Kg1 Qe1+ 44. Kg2 Qe2+ 45. Kg1 Qe1+ 46. Kg2 Qe2+ 1/2-1/2

[Event "Early-Titled-Tuesday-Blitz-March-19-2024"]
[Site "Chess.com"]
[Date "2024.03.19"]
[Round "8"]
[White "DraningWaterHi"]
[Black "wannabe2700"]
[Result "0-1"]
[WhiteElo "2273"]
[BlackElo "2628"]
[TimeControl "180+1"]
[EndTime "9:26:46 PDT"]
[Termination "wannabe2700 won by checkmate"]

1. d4 f5 2. c4 Nf6 3. Nc3 g6 4. g3 Bg7 5. Bg2 O-O 6. Nf3 d6 7. O-O c6 8. Re1 Na6 9. e4 fxe4 10. Nxe4 Nxe4 11. Rxe4 e5 12. dxe5 dxe5 13. Qxd8 Rxd8 14. Bg5 Re8 15. Rae1 Bf5 16. R4e2 Bd3 17. Re3 e4 18.
Nd2 h6 19. Bf4 g5 20. Bd6 Rad8 21. c5 Bd4 22. Nxe4 Bxe3 23. Nf6+ Kf7 24. Nxe8 Bxc5 25.
Re7+ Kg6 26. Rg7+ Kf5 27. Bh3+ Ke4 28. Nf6+ Kd4 29. Bxc5+ Nxc5 30. Nd7 Ne4 31. Bf5 c5 32. Bxe4 Bxe4 33. Nf6 Bc6 34. Rg6 Bf3 35. g4 Ke5 36.
Ng8 Rd1# 0-1

[Event "Early-Titled-Tuesday-Blitz-March-19-2024"]
[Site "Chess.com"]
[Date "2024.03.19"]
[Round "8"]
[White "The_Straightforward_Rook"]
[Black "Crazy_girl99"]
[Result "0-1"]
[WhiteElo "2421"]
[BlackElo "2599"]
[TimeControl "180+1"]
[EndTime "9:26:46 PDT"]
[Termination "Crazy_girl99 won by resignation"]

1. Nf3 Nf6 2. d4 d5 3. c4 e6 4. Bg5 Be7 5. e3 h6 6. Bxf6 Bxf6 7. Qc2 c6 8. Nc3 Nd7 9. e4 dxe4 10. Nxe4 Be7 11.
Bd3 b6 12. O-O-O Bb7 13. Kb1 Qc7 14. Rhe1 O-O-O 15. Qc3 Kb8 16. Ne5 Rhf8 17. f4 a5 18. g3 f5 19. Nd2 Bf6 20. Ndf3 Nxe5 21. Nxe5 Rfe8 22. Bc2 Be7 23. Ba4 Bb4 24. Qe3 Bxe1 25. Rxe1 Re7 26. Qf3 b5 27. Bb3 Rxd4 28. Qe3 Re4 0-1

[Event "Early-Titled-Tuesday-Blitz-March-19-2024"]
[Site "Chess.com"]
[Date "2024.03.19"]
[Round "8"]
[White "RantomOpening"]
[Black "ActorXu"]
[Result "0-1"]
[WhiteElo "2601"]
[BlackElo "2830"]
[TimeControl "180+1"]
[EndTime "9:26:49 PDT"]
[Termination "ActorXu won by resignation"]

1. c4 b6 2. Nf3 Bb7 3. d4 Bxf3 4.
gxf3 e6 5. f4 c6 6. e4 d5 7.
cxd5 exd5 8. e5 Ne7 9. Nc3 Nf5 10. Be3 Nxe3 11. fxe3 Qh4+ 12. Kd2 Nd7 13. Qe1 Qxe1+ 14. Kxe1 Bb4 15. Kf2 Nf8 16. Ne2 f5 17. Ng3 g6 18.
Rc1 Kd7 19. h4 h5 20. Rg1 Ne6 21. Ne2 Rhg8 22. Rg3 Be7 23. Rh3 a5 24. Ng1 a4 25.
a3 b5 26. Nf3 Rab8 27. Ng5 Bxg5 28. hxg5 b4 29. Rh2 bxa3 30. bxa3 Rb3 31. Ra1 Rgb8 32. Be2 Rc3 33. Rhh1 Rbb3 34. Bxh5 gxh5 35. Rxh5 Rc2+ 36. Kf1 Rxe3 37. Rh7+ Ke8 38. Rb1 Rb3 39. Rd1 Nxf4 40. Rh8+ Kf7 41. Rh7+ Kg6 42. Rh8 Rf3+ 0-1

[Event "Early-Titled-Tuesday-Blitz-March-19-2024"]
[Site "Chess.com"]
[Date "2024.03.19"]
[Round "8"]
[White "Misterfox120"]
[Black "Yushko_Olga"]
[Result "1-0"]
[WhiteElo "2427"]
[BlackElo "2230"]
[TimeControl "180+1"]
[EndTime "9:26:49 PDT"]
[Termination "Misterfox120 won by resignation"]

1. d4 e6 2. Bf4 Nf6 3. e3 d5 4. Nf3 c5 5. Nbd2 Nc6 6. c3 Bd6 7. Bg3 O-O 8. Bd3 Rb8 9. dxc5 Bxg3 10. hxg3 a5 11. g4 e5 12. g5 e4 13. gxf6 Qxf6 14. Nxe4 dxe4 15. Bxe4 g6 16. Qd6 Qxd6 17. cxd6 Rd8 18.
O-O-O Be6 19. b3 a4 20. Kb2 axb3 21. axb3 f5 22. Bc2 Rd7 23. Ng5 Nd8 24. b4 b5 25. Nxe6 Nxe6 26. Bb3 Kf7 27. Rxh7+ Ke8 28. Rxd7 Kxd7 29. Bxe6+ Kxe6 30. d7 Rd8 31. Kb3 g5 32. c4 bxc4+ 33. Kxc4 Ke5 34. Kc5 1-0

[Event "Early-Titled-Tuesday-Blitz-March-19-2024"]
[Site "Chess.com"]
[Date "2024.03.19"]
[Round "8"]
[White "Aradhya2000"]
[Black "Iball95"]
[Result "1-0"]
[WhiteElo "2733"]
[BlackElo "2874"]
[TimeControl "180+1"]
[EndTime "9:26:53 PDT"]
[Termination "Aradhya2000 won by resignation"]

1. d4 d5 2. c4 e6 3. Nc3 c5 4.
cxd5 cxd4 5. Qa4+ Bd7 6. Qxd4 exd5 7. Qxd5 Nf6 8. Qd1 Bc5 9. e3 O-O 10. Be2 Qe7 11. Nf3 Rd8 12. O-O Nc6 13. a3 Ne5 14.
Nd4 Nc6 15. Bf3 Bxd4 16. exd4 Bg4 17. Be3 Bxf3 18. Qxf3 Nxd4 19. Bxd4 Rxd4 20. Rfe1 Qd7 21. Re2 h5 22. Rae1 Rd3 23. Qf4 Rd4 24. Qf3 Rd3 25. Qf4 Rd8 26. h3 Qd4 27. Qxd4 R3xd4 28. Nb5 R4d5 29.
Nc3 Rd2 30. g3 g6 31. Kg2 Kg7 32. Rxd2 Rxd2 33. Re2 Rd7 34. Rc2 a6 35. Na4 b5 36.
Nc5 Rc7 37. Ne6+ 1-0

[Event "Early-Titled-Tuesday-Blitz-March-19-2024"]
[Site "Chess.com"]
[Date "2024.03.19"]
[Round "8"]
[White "Kotlyar_K"]
[Black "Fjal"]
[Result "1-0"]
[WhiteElo "2613"]
[BlackElo "2317"]
[TimeControl "180+1"]
[EndTime "9:26:55 PDT"]
[Termination "Kotlyar_K won by resignation"]

1. e4 d6 2. d4 Nf6 3. Nc3 g6 4. f4 Bg7 5. Bd3 O-O 6. Nf3 a5 7. O-O a4 8. Qe1 e6 9. Qh4 Nh5 10. Qf2 a3 11. b3 Nc6 12. Be3 f5 13. Rad1 fxe4 14. Bxe4 Nf6 15. Bd3 Nb4 16. h3 b6 17.
Rfe1 Bb7 18. Bf1 Nfd5 19. Nxd5 exd5 20. c3 Nc6 21. Ng5 Bc8 22. Qf3 Ne7 23. Bf2 c6 24. Ne6 Bxe6 25. Rxe6 Qd7 26. Rde1 Rae8 27. c4 dxc4 28.
bxc4 Nf5 29. d5 Nd4 30. Bxd4 Bxd4+ 31. Kh1 Be5 32. Rxe8 Qxe8 33. dxc6 Rxf4 34. Qxf4 Qxc6 35. Qe4 1-0

[Event "Early-Titled-Tuesday-Blitz-March-19-2024"]
[Site "Chess.com"]
[Date "2024.03.19"]
[Round "8"]
[White "Juicy_Fork"]
[Black "talaicito"]
[Result "0-1"]
[WhiteElo "2523"]
[BlackElo "2314"]
[TimeControl "180+1"]
[EndTime "9:26:57 PDT"]
[Termination "talaicito won by checkmate"]

1. e4 c5 2. Nf3 d6 3. d4 cxd4 4. Nxd4 Nf6 5. Nc3 g6 6. Be3 Bg7 7. f3 O-O 8. Qd2 Nc6 9. O-O-O Bd7 10. g4 Rc8 11. h4 h5 12. Nxc6 bxc6 13. Bh6 Rb8 14.
Bxg7 Kxg7 15. e5 Nd5 16. Nxd5 cxd5 17. gxh5 Qb6 18. c3 d4 19. c4 dxe5 20. hxg6 fxg6 21. h5 Rxf3 22. hxg6 Rc3+ 23. Kb1 Qxg6+ 24. Ka1 Rc2 25. Qe1 Rbxb2 26. Qxe5+ Kf7 27. Qf4+ Bf5 28. Bd3 Rxa2+ 29. Kb1 Qb6# 0-1

[Event "Early-Titled-Tuesday-Blitz-March-19-2024"]
[Site "Chess.com"]
[Date "2024.03.19"]
[Round "8"]
[White "mertfelin"]
[Black "carloseduar100"]
[Result "0-1"]
[WhiteElo "2363"]
[BlackElo "2262"]
[TimeControl "180+1"]
[EndTime "9:26:58 PDT"]
[Termination "carloseduar100 won by resignation"]

1. e4 e6 2. d4 d5 3. Nc3 Nf6 4. e5 Nfd7 5. f4 c5 6. Nf3 Nc6 7. Be3 Qb6 8. Na4 Qc7 9. Nxc5 Nxd4 10. Bxd4 Bxc5 11. c3 g6 12. Be2 a6 13. O-O b5 14. Qd2 Bb7 15. Rfe1 Qb6 16. a3 Rc8 17. h3 O-O 18. Kh2 Bxd4 19. Nxd4 Nc5 20. Bf3 Ne4 21. Bxe4 dxe4 22. Rad1 Rfd8 23. Qe3 a5 24. Nc2 Qxe3 25. Nxe3 Rd3 26. Ng4 Rcd8 27. Rxd3 exd3 28. Kg1 b4 29. axb4 axb4 30. cxb4 Rd4 31. Kf2 Rxf4+ 32. Ke3 Rxb4 33. g3 Rxb2 34. Kxd3 Rb3+ 35. Kd4 Rxg3 36. Rb1 Bd5 37. Rb8+ Kg7 38. Nf6 Rxh3 0-1

[Event "Early-Titled-Tuesday-Blitz-March-19-2024"]
[Site "Chess.com"]
[Date "2024.03.19"]
[Round "8"]
[White "Statham_01"]
[Black "IngOscarArdila"]
[Result "1-0"]
[WhiteElo "2587"]
[BlackElo "2408"]
[TimeControl "180+1"]
[EndTime "9:26:59 PDT"]
[Termination "Statham_01 won on time"]

1. e4 e5 2. Nf3 Nf6 3. Bc4 Nxe4 4. Nc3 Nf6 5. Nxe5 d5 6. Bb3 Bd6 7. d4 c6 8. O-O Nbd7 9. Bg5 O-O 10. f4 h6 11. Bh4 a5 12. a4 Re8 13. Ne2 Nf8 14.
c4 dxc4 15. Bxc4 Be6 16. Bd3 Bd5 17. Ng3 Qb6 18. Kh1 Qxb2 19. Bc2 N8d7 20. Nf5 Bf8 21.
Rb1 Qa2 22. Nxd7 Nxd7 23. Nxh6+ gxh6 24. Qg4+ Bg7 25. Rbc1 Nf8 26. f5 f6 27. Bxf6 Re7 28.
Bxe7 Nh7 29. f6 Nxf6 30. Bxf6 1-0

[Event "Early-Titled-Tuesday-Blitz-March-19-2024"]
[Site "Chess.com"]
[Date "2024.03.19"]
[Round "8"]
[White "Cambek64"]
[Black "bennyficial"]
[Result "1-0"]
[WhiteElo "2492"]
[BlackElo "2113"]
[TimeControl "180+1"]
[EndTime "9:27:01 PDT"]
[Termination "Cambek64 won by resignation"]

1. e4 c5 2. Nc3 Nc6 3. d3 g6 4. Be3 d6 5. d4 cxd4 6. Bxd4 Nxd4 7. Qxd4 Nf6 8. e5 dxe5 9. Bb5+ Bd7 10. Qxe5 Bg7 11. O-O-O O-O 12. Bxd7 Nxd7 13. Qb5 Bxc3 14.
bxc3 Qc7 15. Qxd7 Qxc3 16. Qd4 Qc6 17. Nf3 Rac8 18. Rd2 Qa6 19. Qb2 Rc6 20. Nd4 Rb6 21. Nb3 Qb5 22. Rhd1 a5 23. Rd5 Qc4 24. Rxa5 Rc8 25.
Rad5 e6 26. R5d4 Qc7 27. g3 e5 28. Rd7 Qc6 29. Rd8+ 1-0

[Event "Early-Titled-Tuesday-Blitz-March-19-2024"]
[Site "Chess.com"]
[Date "2024.03.19"]
[Round "8"]
[White "UK_23"]
[Black "djano"]
[Result "0-1"]
[WhiteElo "2398"]
[BlackElo "2632"]
[TimeControl "180+1"]
[EndTime "9:27:05 PDT"]
[Termination "djano won by resignation"]

1. e4 c5 2. Nf3 Nc6 3. Bb5 g5 4. h3 Nf6 5. Nc3 Rg8 6. d4 cxd4 7. Nxd4 g4 8. hxg4 Nxg4 9. Rxh7 Qb6 10. Bxc6 dxc6 11.
f3 Nf6 12. Rh1 Rxg2 13. Bf4 Qxb2 14. Na4 Qa3 15. c3 b5 16. Nxc6 Be6 17. Qb3 Bxb3 18. axb3 Qxa1+ 0-1

[Event "Early-Titled-Tuesday-Blitz-March-19-2024"]
[Site "Chess.com"]
[Date "2024.03.19"]
[Round "8"]
[White "Laico"]
[Black "enriquebutti"]
[Result "0-1"]
[WhiteElo "2406"]
[BlackElo "2201"]
[TimeControl "180+1"]
[EndTime "9:27:05 PDT"]
[Termination "enriquebutti won by checkmate"]

1. e4 c5 2. Nc3 e6 3. f4 Ne7 4.
Nf3 d5 5. Bb5+ Bd7 6. Bxd7+ Qxd7 7. Ne5 Qd8 8. Qh5 g6 9. Qh4 Bg7 10. O-O O-O 11. d3 Nbc6 12. Qg3 Nxe5 13. fxe5 dxe4 14.
Nxe4 Qd4+ 15. Kh1 Qxe5 16. Bf4 Qxb2 17. Bd6 Nf5 18. Qf2 Bd4 19. Qd2 Nxd6 20. Nxd6 Qc3 21. Qh6 Qxc2 22. Ne4 Bg7 23. Qh4 Bxa1 24. Rxa1 Qxd3 25.
Nf6+ Kg7 26. Rf1 Qxf1# 0-1

[Event "Early-Titled-Tuesday-Blitz-March-19-2024"]
[Site "Chess.com"]
[Date "2024.03.19"]
[Round "8"]
[White "kleber2007"]
[Black "Likvidator228"]
[Result "1/2-1/2"]
[WhiteElo "2478"]
[BlackElo "2583"]
[TimeControl "180+1"]
[EndTime "9:27:06 PDT"]
[Termination "Game drawn by agreement"]

1. Nf3 d5 2. g3 c6 3. Bg2 Bg4 4. d4 Nd7 5. Nbd2 e6 6. O-O Ngf6 7. Re1 Bd6 8. e4 Nxe4 9. Nxe4 dxe4 10. Rxe4 Nf6 11.
Re1 O-O 12. c3 h6 13. Qb3 Qb6 14. Nd2 Qxb3 15. axb3 a6 16. Nc4 Bc7 17. b4 Rad8 18. Na5 Bxa5 19. Rxa5 Nd5 20. h3 Bf5 21. Ra1 Rfe8 22. g4 Bc2 23. Bxd5 exd5 24. Bf4 Be4 25. Kh2 g5 26. Bc7 Rc8 27. Bd6 f5 28. gxf5 Bxf5 29. Kg3 Kf7 30. Be5 Kg6 31. Re3 Rf8 32. f3 Rce8 33.
Rae1 Bd7 34. Bd6 Rxe3 35. Rxe3 Rf7 36. h4 Kf5 37. Re5+ Kg6 38. hxg5 hxg5 39. Be7 Bf5 40. Bd8 Kh5 41. Re7 Rxe7 42. Bxe7 Kg6 43. Bd8 Bd3 1/2-1/2

[Event "Early-Titled-Tuesday-Blitz-March-19-2024"]
[Site "Chess.com"]
[Date "2024.03.19"]
[Round "8"]
[White "xakevicius91"]
[Black "microbear"]
[Result "1/2-1/2"]
[WhiteElo "2537"]
[BlackElo "2353"]
[TimeControl "180+1"]
[EndTime "9:27:12 PDT"]
[Termination "Game drawn by repetition"]

1. e4 c5 2. Nf3 d6 3. d4 Nf6 4. Nc3 cxd4 5. Nxd4 Nc6 6. f3 e5 7. Nb3 Be7 8. Be3 O-O 9. Qd2 a5 10. Bb5 Na7 11. Be2 Be6 12. Rd1 Nc8 13. O-O a4 14.
Nc1 Nb6 15. Kh1 Nc4 16. Bxc4 Bxc4 17. a3 Bxf1 18. Rxf1 Qc7 19. Nd3 Rfd8 20. Nb4 Qc4 21. Rd1 d5 22. Nbxd5 Nxd5 23. Nxd5 Bc5 24. Bxc5 Qxc5 25.
Qg5 Qxc2 26. Ne7+ Kh8 27. Ng6+ hxg6 28. Rxd8+ Rxd8 29. Qxd8+ Kh7 30. Qh4+ Kg8 31. Qd8+ Kh7 32. Qh4+ Kg8 33. Qd8+ Kh7 1/2-1/2